| TOP OF THE 1ST |
|
Pawtucket Red Sox batting - Pitching for Tacoma Rainiers : RHP Trevor Jacobsen
|
|
Pitching: RHP Trevor Jacobsen
|
|
|
Batting: SHB Ben Ervin
|
0-0: Foul Ball, location: 2F 0-1: Ball 1-1: Ground out U3 (Groundball, 34, EV 105.0 MPH)
|
|
Batting: RHB Roberto Morales
|
0-0: Called Strike 0-1: Ball 1-1: Foul Ball, location: 2F 1-2: Strikes out swinging
|
|
Batting: LHB Zack Guillen
|
0-0: Ball 1-0: Ball 2-0: Called Strike 2-1: Foul Ball, location: 2F 2-2: Ball 3-2: Ground out 5-3 (Groundball, 6, EV 88.8 MPH)
|
| Top of the 1st over - 0 runs, 0 hits, 0 errors, 0 left on base; Pawtucket 0 - Tacoma 0 |
| BOTTOM OF THE 1ST |
|
Tacoma Rainiers batting - Pitching for Pawtucket Red Sox : RHP Justin Stinson
|
|
Pitching: RHP Justin Stinson
|
|
|
Batting: RHB Julian Gregory
|
0-0: Called Strike 0-1: Called Strike 0-2: Strikes out swinging
|
|
Batting: SHB Isaiah Cherry
|
0-0: Called Strike 0-1: Ball 1-1: Ball 2-1: Foul Ball, location: 2F 2-2: Ball 3-2: Foul Ball, location: 2F 3-2: Fly out, F7 (Flyball, 78M, EV 94.4 MPH)
|
|
Batting: LHB Ryan Lowe
|
0-0: Ball 1-0: Called Strike 1-1: Foul Ball, location: 2F 1-2: DOUBLE (Flyball, 78XD, EV 93.1 MPH)
|
|
Batting: LHB Jawad Fahad
|
0-0: Ball 1-0: Swinging Strike 1-1: Swinging Strike 1-2: Ball 2-2: Foul Ball, location: 2F 2-2: Foul Ball, location: 2F 2-2: Strikes out swinging
|
| Bottom of the 1st over - 0 runs, 1 hit, 0 errors, 1 left on base; Pawtucket 0 - Tacoma 0 |
| TOP OF THE 2ND |
|
Pawtucket Red Sox batting - Pitching for Tacoma Rainiers : RHP Trevor Jacobsen
|
|
Batting: RHB Rodolfo Contreras
|
0-0: Ground out 6-3 (Groundball, 6, EV 87.5 MPH)
|
|
Batting: RHB Brandon Perris
|
0-0: Ball 1-0: Ball 2-0: Called Strike 2-1: SINGLE (Line Drive, 89S, EV 110.6 MPH)
|
|
Batting: RHB Joe Sandoval
|
0-0: Called Strike 0-1: Ball 1-1: Swinging Strike 1-2: Ball 2-2: Foul Ball, location: 2F 2-2: SINGLE (Line Drive, 7LS, EV 95.6 MPH) Brandon Perris to second
|
|
Batting: LHB Frank Olivo
|
0-0: Ball 1-0: Foul Ball, location: 2F 1-1: Fly out, F8 (Flyball, 89S, EV 94.4 MPH)
|
|
Batting: RHB Neil Mautone
|
0-0: Ball 1-0: Ball 2-0: Foul Ball, location: 2F 2-1: Ground out U3 (Groundball, 3L, EV 83.8 MPH)
|
| Top of the 2nd over - 0 runs, 2 hits, 0 errors, 2 left on base; Pawtucket 0 - Tacoma 0 |
| BOTTOM OF THE 2ND |
|
Tacoma Rainiers batting - Pitching for Pawtucket Red Sox : RHP Justin Stinson
|
|
Batting: RHB Marco Diaz
|
0-0: Called Strike 0-1: Ball 1-1: Ball 2-1: Foul Ball, location: 2F 2-2: DOUBLE (Flyball, 8RXD, EV 89.4 MPH)
|
|
Batting: RHB Zach Downs
|
0-0: Ball 1-0: Ball 2-0: Swinging Strike 2-1: SINGLE (Groundball, 4MD, EV 95.0 MPH) Marco Diaz to third
|
|
Batting: RHB Hideo Okimura
|
0-0: Called Strike 0-1: Called Strike 0-2: DOUBLE (Line Drive, 89D, EV 106.9 MPH) Marco Diaz scores Zach Downs to third
|
|
Batting: RHB Lamberto Amicis
|
0-0: Called Strike 0-1: SINGLE (Groundball, 25, EV 65.0 MPH) (infield hit)
|
|
Batting: RHB John Britton
|
0-0: Called Strike 0-1: Swinging Strike 0-2: Strikes out swinging
|
|
Batting: RHB Julian Gregory
|
0-0: Called Strike 0-1: Ball 1-1: Ball 2-1: Fielders Choice at 2nd, 3-6 (Groundball, 34, EV 85.6 MPH) Zach Downs scores Hideo Okimura to third
|
|
Batting: SHB Isaiah Cherry
|
0-0: Foul Ball, location: 2F 0-1: Ball 1-1: Foul Ball, location: 2F 1-2: Foul Ball, location: 2F 1-2: Strikes out swinging
|
| Bottom of the 2nd over - 2 runs, 4 hits, 0 errors, 2 left on base; Pawtucket 0 - Tacoma 2 |
| TOP OF THE 3RD |
|
Pawtucket Red Sox batting - Pitching for Tacoma Rainiers : RHP Trevor Jacobsen
|
|
Batting: RHB Ted Emmerich
|
0-0: Ball 1-0: Ball 2-0: Foul Ball, location: 2F 2-1: Ball 3-1: Called Strike 3-2: Base on Balls
|
|
Batting: SHB Ben Ervin
|
0-0: Called Strike 0-1: Ball 1-1: Ball 2-1: Ball 3-1: Base on Balls Ted Emmerich to second
|
|
Batting: RHB Roberto Morales
|
0-0: Called Strike 0-1: Ball 1-1: Called Strike 1-2: Ball 2-2: Foul Ball, location: 2F 2-2: Grounds into double play, 5-4-3 (Groundball, 25, EV 86.2 MPH) Ted Emmerich to third
|
|
Batting: LHB Zack Guillen
|
0-0: Ball 1-0: Swinging Strike 1-1: Swinging Strike 1-2: Ball 2-2: Fly out, F5 (Popup, 56S, EV 73.1 MPH)
|
| Top of the 3rd over - 0 runs, 0 hits, 0 errors, 1 left on base; Pawtucket 0 - Tacoma 2 |
| BOTTOM OF THE 3RD |
|
Tacoma Rainiers batting - Pitching for Pawtucket Red Sox : RHP Justin Stinson
|
|
Batting: LHB Ryan Lowe
|
0-0: Called Strike 0-1: Foul Ball, location: 2F 0-2: SINGLE (Groundball, 5D, EV 98.8 MPH)
|
|
Batting: LHB Jawad Fahad
|
0-0: Ball 1-0: Ball 2-0: Called Strike 2-1: Ball 3-1: SINGLE (Groundball, 34D, EV 94.4 MPH) Ryan Lowe to second
|
|
Batting: RHB Marco Diaz
|
0-0: Ball 1-0: Called Strike 1-1: Foul Ball, location: 2F 1-2: Strikes out swinging
|
|
Batting: RHB Zach Downs
|
0-0: Swinging Strike 0-1: Ball 1-1: Ball 2-1: Foul Ball, location: 2F 2-2: Strikes out swinging
|
|
Batting: RHB Hideo Okimura
|
0-0: Swinging Strike 0-1: Swinging Strike 0-2: Strikes out swinging
|
| Bottom of the 3rd over - 0 runs, 2 hits, 0 errors, 2 left on base; Pawtucket 0 - Tacoma 2 |
| TOP OF THE 4TH |
|
Pawtucket Red Sox batting - Pitching for Tacoma Rainiers : RHP Trevor Jacobsen
|
|
Batting: RHB Rodolfo Contreras
|
0-0: Called Strike 0-1: Foul Ball, location: 2F 0-2: Strikes out swinging
|
|
Batting: RHB Brandon Perris
|
0-0: Ball 1-0: Called Strike 1-1: Foul Ball, location: 2F 1-2: Foul Ball, location: 2F 1-2: Ground out 6-3 (Groundball, 6, EV 89.4 MPH)
|
|
Batting: RHB Joe Sandoval
|
0-0: Called Strike 0-1: Called Strike 0-2: Ball 1-2: Ball 2-2: Foul Ball, location: 2F 2-2: Fly out, F7 (Flyball, 7LSF, EV 80.0 MPH)
|
| Top of the 4th over - 0 runs, 0 hits, 0 errors, 0 left on base; Pawtucket 0 - Tacoma 2 |
| BOTTOM OF THE 4TH |
|
Tacoma Rainiers batting - Pitching for Pawtucket Red Sox : RHP Justin Stinson
|
|
Batting: RHB Lamberto Amicis
|
0-0: Swinging Strike 0-1: Ball 1-1: Swinging Strike 1-2: Strikes out swinging
|
|
Batting: RHB John Britton
|
0-0: Called Strike 0-1: Ball 1-1: Ball 2-1: Ground out 6-3 (Groundball, 6, EV 80.0 MPH)
|
|
Batting: RHB Julian Gregory
|
0-0: Ball 1-0: Ball 2-0: DOUBLE (Line Drive, 7LD, EV 97.5 MPH)
|
|
Batting: SHB Isaiah Cherry
|
0-0: Called Strike 0-1: Ball 1-1: Foul Ball, location: 2F 1-2: Strikes out looking
|
| Bottom of the 4th over - 0 runs, 1 hit, 0 errors, 1 left on base; Pawtucket 0 - Tacoma 2 |
| TOP OF THE 5TH |
|
Pawtucket Red Sox batting - Pitching for Tacoma Rainiers : RHP Trevor Jacobsen
|
|
Batting: LHB Frank Olivo
|
0-0: Swinging Strike 0-1: Swinging Strike 0-2: Ball 1-2: Foul Ball, location: 2F 1-2: Strikes out looking
|
|
Batting: RHB Neil Mautone
|
0-0: Fly out, F4 (Popup, 4, EV 73.8 MPH)
|
|
Batting: RHB Ted Emmerich
|
0-0: Called Strike 0-1: Fly out, F8 (Flyball, 8LM, EV 96.2 MPH)
|
| Top of the 5th over - 0 runs, 0 hits, 0 errors, 0 left on base; Pawtucket 0 - Tacoma 2 |
| BOTTOM OF THE 5TH |
|
Tacoma Rainiers batting - Pitching for Pawtucket Red Sox : RHP Justin Stinson
|
|
Batting: LHB Ryan Lowe
|
0-0: SINGLE (Groundball, 6MS, EV 84.4 MPH) (infield hit)
|
|
Batting: LHB Jawad Fahad
|
0-0: Ball 1-0: Ball 2-0: Fielders Choice at 2nd, 4-6 (Groundball, 4, EV 103.8 MPH)
|
|
Batting: RHB Marco Diaz
|
0-0: Called Strike 0-1: Fly out, F8 (Flyball, 78M, EV 93.1 MPH)
|
|
Batting: RHB Zach Downs
|
0-0: Called Strike 0-1: Ball 1-1: Foul Ball, location: 2F 1-2: Fielders Choice at 2nd, 6-4 (Groundball, 6, EV 91.2 MPH)
|
| Bottom of the 5th over - 0 runs, 1 hit, 0 errors, 1 left on base; Pawtucket 0 - Tacoma 2 |
| TOP OF THE 6TH |
|
Pawtucket Red Sox batting - Pitching for Tacoma Rainiers : RHP Trevor Jacobsen
|
|
Batting: SHB Ben Ervin
|
0-0: Called Strike 0-1: Ball 1-1: Called Strike 1-2: Strikes out looking
|
|
Pitching: LHP Rentaro Minami
|
|
|
Batting: RHB Roberto Morales
|
0-0: Ball 1-0: Ball 2-0: Called Strike 2-1: Ball 3-1: Base on Balls
|
|
Pinch Hitting: RHB Matt Hinkle
|
0-0: Ball 1-0: Swinging Strike 1-1: Grounds into double play, 4-6-3 (Groundball, 4, EV 87.5 MPH)
|
| Top of the 6th over - 0 runs, 0 hits, 0 errors, 0 left on base; Pawtucket 0 - Tacoma 2 |
| BOTTOM OF THE 6TH |
|
Tacoma Rainiers batting - Pitching for Pawtucket Red Sox : RHP Justin Stinson
|
|
Pitching: RHP Billy Fitzgerald
|
|
|
Now at 2B: Matt Hinkle
|
|
|
Now in LF: Ben Ervin
|
|
|
Batting: RHB Hideo Okimura
|
0-0: Ball 1-0: Fly out, F9 (Flyball, 9, EV 90.6 MPH)
|
|
Batting: RHB Lamberto Amicis
|
0-0: Ball 1-0: Called Strike 1-1: Ball 2-1: Ground out 4-3 (Groundball, 4, EV 80.6 MPH)
|
|
Batting: RHB John Britton
|
0-0: Ground out 6-3 (Groundball, 56, EV 108.1 MPH)
|
| Bottom of the 6th over - 0 runs, 0 hits, 0 errors, 0 left on base; Pawtucket 0 - Tacoma 2 |
| TOP OF THE 7TH |
|
Pawtucket Red Sox batting - Pitching for Tacoma Rainiers : LHP Rentaro Minami
|
|
Pitching: RHP Tyler Rayner
|
|
|
Batting: RHB Rodolfo Contreras
|
0-0: Called Strike 0-1: Called Strike 0-2: Strikes out swinging
|
|
Batting: RHB Brandon Perris
|
0-0: Ball 1-0: Foul Ball, location: 2F 1-1: Foul Ball, location: 2F 1-2: SOLO HOME RUN (Flyball, 89XD, EV 100.0 MPH), Distance : 397 ft
|
|
Batting: RHB Joe Sandoval
|
0-0: Fly out, F8 (Flyball, 8LD, EV 103.1 MPH)
|
|
Batting: LHB Frank Olivo
|
0-0: Ball 1-0: Ball 2-0: Ball 3-0: Base on Balls
|
|
Batting: RHB Neil Mautone
|
0-0: Called Strike 0-1: Called Strike 0-2: Ball 1-2: Foul Ball, location: 2F 1-2: Foul Ball, location: 2F 1-2: Strikes out swinging
|
| Top of the 7th over - 1 run, 1 hit, 0 errors, 1 left on base; Pawtucket 1 - Tacoma 2 |
| BOTTOM OF THE 7TH |
|
Tacoma Rainiers batting - Pitching for Pawtucket Red Sox : RHP Billy Fitzgerald
|
|
Batting: RHB Julian Gregory
|
0-0: Ball 1-0: Called Strike 1-1: Ball 2-1: Called Strike 2-2: Ball 3-2: Base on Balls
|
|
Batting: SHB Isaiah Cherry
|
0-0: Ball 1-0: Ball 2-0: Ball 3-0: Called Strike 3-1: Base on Balls Julian Gregory to second
|
|
Batting: LHB Ryan Lowe
|
0-0: Ball 1-0: Ball 2-0: Ball 3-0: Base on Balls Julian Gregory to third Isaiah Cherry to second
|
|
Batting: LHB Jawad Fahad
|
0-0: Foul Ball, location: 2F 0-1: Foul Ball, location: 2F 0-2: Foul Ball, location: 2F 0-2: Ball 1-2: Grounds into fielders choice 6-2 (Groundball, 56, EV 85.0 MPH) Isaiah Cherry to third Ryan Lowe to second
|
|
Batting: RHB Marco Diaz
|
0-0: Called Strike 0-1: Foul Ball, location: 2F 0-2: Ball 1-2: Ball 2-2: Ball 3-2: Foul Ball, location: 2F 3-2: Foul Ball, location: 2F 3-2: Fly out, F8 (Flyball, 8RM, EV 86.2 MPH)
|
|
Pitching: RHP Danny Klomp
|
|
|
Batting: RHB Zach Downs
|
0-0: Ball 1-0: Called Strike 1-1: Ball 2-1: Swinging Strike 2-2: Strikes out swinging
|
| Bottom of the 7th over - 0 runs, 0 hits, 0 errors, 3 left on base; Pawtucket 1 - Tacoma 2 |
| TOP OF THE 8TH |
|
Pawtucket Red Sox batting - Pitching for Tacoma Rainiers : RHP Tyler Rayner
|
|
Pinch Hitting: LHB David Moore
|
0-0: Foul Ball, location: 2F 0-1: Ball 1-1: Ball 2-1: Foul Ball, location: 2F 2-2: Strikes out looking
|
|
Batting: SHB Ben Ervin
|
0-0: Called Strike 0-1: Ground out 6-3 (Groundball, 6, EV 96.2 MPH)
|
|
Batting: RHB Roberto Morales
|
0-0: Called Strike 0-1: Called Strike 0-2: Strikes out swinging
|
| Top of the 8th over - 0 runs, 0 hits, 0 errors, 0 left on base; Pawtucket 1 - Tacoma 2 |
| BOTTOM OF THE 8TH |
|
Tacoma Rainiers batting - Pitching for Pawtucket Red Sox : RHP Danny Klomp
|
|
Now in RF: Dave Burwell
|
|
|
Pinch Hitting: LHB Josh Pittman
|
0-0: Ball 1-0: Ball 2-0: Fly out, F8 (Line Drive, 8LM, EV 90.6 MPH)
|
|
Batting: RHB Lamberto Amicis
|
0-0: Ball 1-0: SINGLE (Groundball, 6MD, EV 106.2 MPH) (infield hit)
|
|
Pinch Hitting: LHB Addisu Nyamekye
|
0-0: Called Strike Lamberto Amicis steals 2nd base 0-1: Ball 1-1: Intentional Walk
|
|
Batting: RHB Julian Gregory
|
0-0: Ground out 3-1 (Groundball, 34, EV 91.2 MPH) Lamberto Amicis to third Addisu Nyamekye to second
|
|
Batting: SHB Isaiah Cherry
|
0-0: Ball Wild Pitch! Lamberto Amicis scores Addisu Nyamekye to third 1-0: Ball 2-0: Fly out, F8 (Flyball, 8RD, EV 89.4 MPH)
|
| Bottom of the 8th over - 1 run, 1 hit, 0 errors, 1 left on base; Pawtucket 1 - Tacoma 3 |
| TOP OF THE 9TH |
|
Pawtucket Red Sox batting - Pitching for Tacoma Rainiers : RHP Tyler Rayner
|
|
Pitching: LHP Chad Dominey
|
|
|
Now at 3B: Jawad Fahad
|
|
|
Now in LF: Josh Pittman
|
|
|
Now in CF: Max Schellekens
|
|
|
Now in RF: Julian Gregory
|
|
|
Batting: RHB Matt Hinkle
|
0-0: Ball 1-0: Called Strike 1-1: Foul Ball, location: 2F 1-2: Ball 2-2: Ball 3-2: Base on Balls
|
|
Batting: RHB Rodolfo Contreras
|
0-0: Ball 1-0: Called Strike 1-1: Foul Ball, location: 2F 1-2: Strikes out looking
|
|
Batting: RHB Brandon Perris
|
0-0: Swinging Strike 0-1: Ball 1-1: Ball 2-1: Ball 3-1: Swinging Strike 3-2: SINGLE (Groundball, 56, EV 98.1 MPH) Matt Hinkle to second
|
|
Batting: RHB Joe Sandoval
|
0-0: Ball 1-0: Called Strike 1-1: Swinging Strike 1-2: Foul Ball, location: 2F 1-2: Ball 2-2: Strikes out swinging
|
|
Pinch Hitting: RHB Carlos Nolasco
|
0-0: Ball 1-0: Fly out, F9 (Flyball, 9D, EV 95.6 MPH)
|
| Top of the 9th over - 0 runs, 1 hit, 0 errors, 2 left on base; Pawtucket 1 - Tacoma 3 |
|